 Dungeon Crawl Stone Soup version 0.21.1-1-g345015f (webtiles) character file.

53 Kagorn the Cudgeler (level 3, -6/36 HPs)
             Began as a Troll Monk on July 6, 2018.
             Mangled by a gnoll
             ... wielding a +0 halberd
              (7 damage)
             ... on level 2 of the Dungeon.
             The game lasted 00:04:26 (792 turns).

Kagorn the Cudgeler (Troll Monk)                     Turns: 792, Time: 00:04:27

Health: -6/36      AC:  5    Str: 20    XL:     3   Next: 64%
Magic:  2/2        EV: 10    Int:  6    God:
Gold:   48         SH:  0    Dex: 12    Spells: 2/2 levels left

rFire    . . .     SeeInvis .   a - +0 mace
rCold    . . .     Gourm    +   (no shield)
rNeg     . . .     Faith    .   b - +0 robe
rPois    .         Spirit   .   (helmet restricted)
rElec    .         Reflect  .   (no cloak)
rCorr    .         Harm     .   (gloves unavailable)
MR       .....                  (boots unavailable)
Stlth    ++........             (no amulet)
HPRegen  0.52/turn              (no ring)
MPRegen  0.08/turn              (no ring)

@: no status effects
A: large, unfitting armour, claws 3, fast metabolism 3, gourmand, regeneration
1, shaggy fur 1, tough skin 2
a: no special abilities


You were on level 2 of the Dungeon.
You were very full.

You visited 1 branch of the dungeon, and saw 2 of its levels.

You collected 48 gold pieces.

Inventory:

Hand Weapons
 a - a +0 mace (weapon)
Missiles
 h - 8 poisoned needles
 o - 3 large rocks (quivered)
Armour
 b - a +0 robe (worn)
 d - a +0 robe
Scrolls
 e - a scroll of immolation {unknown}
 f - 2 scrolls of noise {unknown}
 i - 2 scrolls of teleportation {unknown}
 k - a scroll of enchant armour {unknown}
 l - a scroll of remove curse {unknown}
 m - a scroll of random uselessness {unknown}
Potions
 g - a potion of curing {unknown}
 j - 2 potions of flight {unknown}
 n - 2 potions of lignification {unknown}
Comestibles
 c - 2 rations


   Skills:
 * Level 2.9 Fighting
 * Level 3.2 Maces & Flails
 + Level 0.7 Armour
 + Level 2.6 Dodging
 + Level 1.2 Stealth


You had 2 spell levels left.
You didn't know any spells.

Dungeon Overview and Level Annotations

Branches:
Dungeon (2/15)

Altars:


Innate Abilities, Weirdness & Mutations

You are too large for most types of armour.
You have claws for hands.
Your metabolism is lightning-fast.
You like to eat raw meat.
Your natural rate of healing is unusually fast.
You are covered in fur. (AC +1)
You have very tough skin. (AC +2)


Message History

You barely miss the gnoll. The gnoll barely misses you.
A gnoll comes into view. It is wielding a halberd.
You barely miss the gnoll. The gnoll hits you with a club.
The gnoll hits you from afar with a halberd.
You closely miss the gnoll. The gnoll hits you but does no damage.
The gnoll barely misses you. x2
You barely miss the gnoll.
The gnoll shouts!
The gnoll hits you from afar with a halberd!
The gnoll hits you but does no damage. x2; The gnoll closely misses you.
The gnoll hits you with a club.
You hit the gnoll.
The gnoll is lightly wounded.
The gnoll hits you from afar with a halberd!
The gnoll closely misses you.
The gnoll hits you from afar with a halberd!
* * * LOW HITPOINT WARNING * * *
The gnoll barely misses you.
The gnoll hits you from afar with a halberd!
You die...

.....# ....# ....#
...## ... .... ..#
#gg# #.# #gg# #<#
#@.# #.# #.## #.#
#.# # ###.# #.###
..#.#######...###..
#.#................
#.##.##....##.###..
#.##.##.#.## .#
#.........###.#


You could see 4 gnolls.

Vanquished Creatures
  2 adders (D:2)
  A worm (D:2)
  A dart slug (D:1)
  3 bats (D:1)
  5 giant cockroaches (D:1)
  A goblin (D:1)
  4 hobgoblins
  2 jackals (D:1)
  3 kobolds (D:1)
  A ball python (D:1)
  3 frilled lizards (D:1)
  5 rats
31 creatures vanquished.

Notes
Turn   | Place    | Note
-------+----------+-------------------------------------------
     0 | D:1      | Kagorn the Troll Monk began the quest for the Orb.
     0 | D:1      | Reached XP level 1. HP: 22/22 MP: 0/0
    79 | D:1      | Reached XP level 2. HP: 29/29 MP: 1/1
   202 | D:1      | Reached skill level 3 in Maces & Flails
   432 | D:1      | Reached XP level 3. HP: 36/36 MP: 2/2
   792 | D:2      | HP: 1/36 [gnoll/halberd (12)]
   792 | D:2      | Mangled by a gnoll

Skill      XL: |  1  2 |
---------------+-------+-----
Maces & Flails | 3 |  3.2
Fighting       | |  2.9
Armour         | |  0.7
Dodging        | |  2.6
Stealth        | |  1.2

Action                   || total
-------------------------++-------
Melee: Mace              ||    75
 Stab: Sleeping          ||     1
  Eat: Chunk             ||    12
Armor: Robe              ||    38
Dodge: Dodged            ||    51
